Cogmind - Beta 15 @@@ ROGUE MODE // 2025.07.30 @ 14:57:11 Player: shapeshifter Result: Destroyed by B-90 Cyclops with Nova Cannon Performance ------------- Evolutions (6) 3000 Regions Visited (21) 4200 Robots Destroyed (236) 1180 Value Destroyed (10581) 10581 Prototype IDs (52) 1040 Alien Tech Used (0) 0 Bonus (4115) 4115 TOTAL SCORE: 24116 Bonus ------- High Alert Combat Kills 245 Follower Combat Kills 488 Entered DSFs 500 Aligned with FarCom 300 Met Data Miner 300 Acquired ECA 300 Met Warlord at Base 500 MAIN.C Attacked Warlord 500 Warlord Defense Kills 482 Met R17 at Cetus 500 Cogmind --------- Core Integrity 0/1150 Matter 170/300 Energy 40/100 System Corruption 0% Temperature Cool (10) Movement Hovering (80) Location -4/Warlord Parts ------- > --- POWER (2) -------- (None) > --- PROPULSION (6) --- Backup Propulsion III > --- UTILITY (7) ------ Makeshift Light Armor Plating Makeshift Light Armor Plating > --- WEAPON (4) ------- (None) > --- INVENTORY (5) ---- Huge Storage Unit Advanced Transmission Jammer Advanced Reaction Control System Quantum Rifle Improved Proton Missile Launcher Peak State ------------ > --- POWER ------------ Fission Core Neutrino Core > --- PROPULSION ------- Medium Treads Medium Treads Centrium Heavy Treads Centrium Heavy Treads > --- UTILITY ---------- Advanced Heat Sink Huge Storage Unit Advanced Energy Well Experimental Signal Interpreter Heavy Armor Plating Advanced System Shield > --- WEAPON ----------- Tesla Rifle Advanced Variable Charge Gun Railgun Hardcell Cannon > --- INVENTORY -------- Improved Deuterium Engine Particle Reactor Medium Treads Medium Treads Advanced Power Amplifier Advanced Heat Sink Encrypted Comm Array Armor Integrity Analyzer Improved Core Shielding Heavy Armor Plating Heavy Armor Plating Focal Shield Heart of Steel Tesla Rifle Quantum Rifle Quantum Rifle Advanced Plasma Cannon YOLO Cannon Railgun Improved Proton Missile Launcher [Rating: 131] Favorites ----------- Power Improved Deuterium Engine Engine Improved Deuterium Engine Power Core Neutrino Core Reactor Antimatter Reactor Propulsion Compact Wheel Treads Armored Treads Leg VSS Leg Wheel Compact Wheel Hover Unit Backup Propulsion III Utility Transmission Jammer Device Transmission Jammer Storage Huge Storage Unit Processor Advanced Targeting Computer Hackware Advanced System Shield Protection Improved Light Armor Plating Weapon Heavy Plasma Cannon Energy Gun Gatling Laser Energy Cannon Heavy Plasma Cannon Ballistic Gun High-powered Shotgun Ballistic Cannon Antimatter Cannon Launcher Heavy Shock Bomb Launcher Slashing Weapon Tearclaws Piercing Weapon Vortex Lance Build | -11 -10 -9 -9 -9 -8 -8 -7 -7 -6 -6 -6 -6 -5 -5 -5 -5 -5 -4 -4 -4 -4 ------- Run | Yrd Mat Mat Min Exi Min Mat Fac DSF Fac Low Low Dat Pro Fac Ext Cet Arc Fac Upp Upp War Slots Evolved 12 | . . 2 . . . 2 2 . 2 . . . . 2 . . . 2 . . . Power 1 | . . . . . . . . . . . . . . 1 . . . . . . . Propulsion 4 | . . . . . . 2 . . . . . . . . . . . 2 . . . Utility 5 | . . 2 . . . . 1 . 1 . . . . 1 . . . . . . . Weapon 2 | . . . . . . . 1 . 1 . . . . . . . . . . . . Parts Attached 220 | 7 2 10 . 1 5 25 4 2 25 10 9 . 17 10 36 6 3 17 13 9 9 Power 19 | 1 1 . . . 1 2 . . 1 1 1 . 1 2 5 . . 1 2 . . Engine 9 | 1 1 . . . 1 1 . . 1 . 1 . . 1 1 . . . 1 . . Core 7 | . . . . . . 1 . . . 1 . . . 1 4 . . . . . . Reactor 3 | . . . . . . . . . . . . . 1 . . . . 1 1 . . Propulsion 51 | 2 . 2 . . 1 10 . . 8 1 2 . 3 3 11 2 1 3 2 . . Treads 21 | 2 . . . . . 5 . . 2 1 1 . . . 4 2 1 3 . . . Leg 20 | . . 2 . . 1 5 . . . . . . 2 3 7 . . . . . . Wheel 10 | . . . . . . . . . 6 . 1 . 1 . . . . . 2 . . Hover . | . . . . . . . . . . . . . . . . . . . . . . Flight . | . . . . . . . . . . . . . . . . . . . . . . Utility 82 | 2 . 4 . . 1 9 3 . 9 4 5 . 8 2 12 1 1 8 7 5 1 Device 32 | 1 . . . . 1 2 1 . 4 2 3 . 4 . 6 1 . 3 2 2 . Storage 6 | 1 . 1 . . . 1 . . 1 . . . 1 . . . . . 1 . . Processor 8 | . . 1 . . . 2 . . . . . . 1 . 2 . . 1 1 . . Hackware 4 | . . . . . . . . . . . . . . 2 . . . 1 1 . . Protection 32 | . . 2 . . . 4 2 . 4 2 2 . 2 . 4 . 1 3 2 3 1 Artifact . | . . . . . . . . . . . . . . . . . . . . . . Weapon 68 | 2 1 4 . 1 2 4 1 2 7 4 1 . 5 3 8 3 1 5 2 4 8 Energy Gun 20 | 1 . 1 . . . 1 1 1 3 . . . 1 . 4 1 . 1 1 1 3 Energy Cannon 10 | . . . . 1 . . . . 1 2 . . 1 1 . 1 . 1 1 . 1 Ballistic Gun 17 | 1 1 3 . . 1 1 . . . . . . . 2 3 1 1 1 . 2 . Ballistic Cannon 12 | . . . . . . 2 . 1 3 1 1 . . . 1 . . 2 . 1 . Launcher 6 | . . . . . 1 . . . . . . . 2 . . . . . . . 3 Special Weapon . | . . . . . . . . . . . . . . . . . . . . . . Impact Weapon . | . . . . . . . . . . . . . . . . . . . . . . Slashing Weapon 2 | . . . . . . . . . . 1 . . 1 . . . . . . . . Piercing Weapon 1 | . . . . . . . . . . . . . . . . . . . . . 1 Special Melee Weapon . | . . . . . . . . . . . . . . . . . . . . . . Unidentified Prototypes 17 | . . 1 . 1 . 2 . . 2 . . . 2 . . 3 . 1 1 . 4 Corrupted Parts 3 | . . . . . . . . . . . . . . 3 . . . . . . . System Corruption 23 | . . . . . . . . . . . . . . 23 . . . . . . . Parts Lost 116 | . . . . . 5 3 . 1 11 6 12 . 11 2 27 4 . 14 9 5 6 Power 14 | . . . . . 1 1 . . . . . . . 1 3 1 . 2 3 . 2 Propulsion 31 | . . . . . 1 1 . . 6 1 5 . 2 . 6 . . 3 3 2 1 Utility 39 | . . . . . 2 1 . . 3 4 4 . 4 . 9 2 . 5 3 1 1 Weapon 32 | . . . . . 1 . . 1 2 1 3 . 5 1 9 1 . 4 . 2 2 Highest Loss Streak 11 | . . . . . 3 1 . 1 2 3 10 . 6 1 11 2 . 9 3 3 6 To Critical Strikes 2 | . . . . . . . . . 2 . . . . . . . . . . . . Average Backups 16 | 3 6 8 10 9 8 17 17 17 17 21 19 22 18 14 13 14 17 17 10 9 9 Power 1 | . 1 . . . . 1 2 1 1 1 3 4 3 . . 1 1 1 . . . Propulsion . | 1 2 2 2 2 1 . 1 1 . . 1 1 . . 1 4 3 1 . . . Utility 8 | . . 2 3 3 2 7 6 7 9 13 9 11 11 9 7 5 6 6 5 4 3 Weapon 3 | . 3 3 5 4 3 7 7 7 6 4 2 4 1 2 1 1 3 6 3 4 4 Tool/Special . | . . . . . . . . . . . . . . . . . . . . . . Unused Backups 61 | . . 10 . 1 . 16 1 1 11 5 . . 5 . . . 1 2 3 1 4 Power 6 | . . 1 . . . 2 . . . . . . 3 . . . . . . . . Propulsion 6 | . . 2 . . . 1 . . 1 . . . . . . . 1 . 1 . . Utility 29 | . . 4 . . . 9 1 . 4 4 . . 2 . . . . 1 1 1 2 Weapon 19 | . . 3 . 1 . 4 . 1 6 1 . . . . . . . 1 . . 2 Tool/Special 1 | . . . . . . . . . . . . . . . . . . . 1 . . Average Slot Usage (%) 74 | . 100 98 100 100 97 94 95 100 94 96 50 46 53 81 90 79 76 82 70 62 61 Engine 4 | . 14 11 11 11 10 2 7 7 6 4 2 6 4 . 2 . . . 4 . 4 Core 2 | . . . . . . 6 . . . 1 3 . . 3 7 9 11 7 1 . . Treads 6 | . 28 3 . . . 7 30 30 15 4 2 6 . . 10 17 11 22 8 4 . Leg 5 | . . 18 22 22 21 27 . . . . . . 6 9 10 . . . . . . Wheel 3 | . . . . . . . . . 6 21 1 . . 3 . . . . 4 . . Device 12 | . 14 11 11 11 19 4 6 7 12 17 13 13 12 23 10 16 12 8 13 7 2 Storage 7 | . 14 11 11 11 11 9 7 7 6 6 6 6 6 5 10 11 11 9 5 5 4 Processor 2 | . . 10 11 11 11 10 7 7 6 1 . . . . 3 5 5 1 . . . Hackware 1 | . . . . . . . . . . . . . . 10 6 . . 4 5 5 4 Protection 8 | . . 9 11 11 1 8 11 15 12 11 6 6 5 . 5 3 3 5 8 18 21 Energy Gun 3 | . 14 . . . . 2 15 15 8 2 . . 3 . 4 5 5 5 2 5 4 Energy Cannon 4 | . . . . 3 11 2 . . 2 9 6 . 5 8 2 4 5 2 2 1 . Ballistic Gun 3 | . 14 22 22 18 10 6 . . . . . . . 2 5 1 5 6 5 8 7 Ballistic Cannon 3 | . . . . . . 6 7 7 12 13 1 . . . 3 . . 4 5 4 2 Peak Build Rating 131 | 7 7 19 19 21 22 40 48 49 65 61 61 40 66 97 94 116 120 131 90 75 77 Average Rating 52 | 5 7 17 19 19 21 35 47 48 56 58 40 40 43 75 77 97 118 118 82 66 61 On Entrance 50 | . 7 7 19 19 21 19 40 48 48 55 58 44 40 62 94 74 116 120 75 75 62 Naked Turns . | . . . . . . . . . . . . . . . . . . . . . . Heaviest Build 164 | 12 14 25 25 26 25 74 78 70 125 136 135 110 120 101 105 101 153 164 136 57 72 Greatest Support 216 | 40 40 40 24 24 24 80 80 80 90 64 48 20 43 73 93 160 160 216 136 28 16 Greatest Overweight (x) 41 | . . 1 1 1 1 3 . . 26 2 41 5 36 9 2 1 . 1 6 18 18 Average Overweight (x) 2 | . . . 1 1 . . . . . 1 9 5 5 6 . . . . 2 2 6 Largest Inventory Capacity 25 | 8 8 10 10 10 10 20 20 20 25 25 25 25 25 20 25 20 25 25 25 10 10 Average Capacity 19 | 7 8 8 10 10 10 19 20 20 20 25 25 25 23 20 20 20 22 25 16 10 9 Most Carried 25 | 6 8 10 10 10 10 20 20 20 20 25 25 25 25 20 20 20 25 25 17 10 10 Average Carried 18 | 3 6 8 10 9 9 18 19 19 18 24 23 25 21 18 17 17 21 22 12 9 9 Final Capacity 25 | 8 8 10 10 10 10 20 20 20 25 25 25 25 20 20 20 20 25 25 10 10 5 Final Carried 25 | 4 8 10 10 10 7 20 20 20 17 25 24 25 19 19 18 19 25 17 10 10 5 Class Distribution -------------------- 35% | Mutant 22% | Scavenger-Tank 17% | Scavenger-Mutant 8% | Tank 7% | Derelict-Tank Dominant Class ---------------- Mutant | -10/Materials Mutant | -9/Materials Scavenger-Mutant | -9/Mines Scavenger-Mutant | -9/Exiles Scavenger-Mutant | -8/Mines Mutant | -8/Materials Tank | -7/Factory Tank | -7/DSF Tank | -6/Factory Scavenger-Tank | -6/Lower Caves Mutant | -6/Lower Caves Mutant | -6/Data Miner Mutant | -5/Proximity Caves Scavenger-Mutant | -5/Factory Scavenger-Tank | -5/Extension Scavenger-Tank | -5/Cetus Scavenger-Tank | -5/Archives Scavenger-Tank | -4/Factory Scavenger-Tank | -4/Upper Caves Derelict-Tank | -4/Upper Caves Derelict-Tank | -4/Warlord Resources | -11 -10 -9 -9 -9 -8 -8 -7 -7 -6 -6 -6 -6 -5 -5 -5 -5 -5 -4 -4 -4 -4 ----------- Run | Yrd Mat Mat Min Exi Min Mat Fac DSF Fac Low Low Dat Pro Fac Ext Cet Arc Fac Upp Upp War Matter Collected 8241 | 231 91 364 . . 267 1064 . 217 1421 573 498 . 465 117 1232 194 100 363 818 226 . Remotely . | . . . . . . . . . . . . . . . . . . . . . . Salvage Created 9629 | 91 192 504 . . 291 1320 . 581 2154 278 520 . 427 335 858 510 310 689 393 141 35 Parts 407 | 5 8 22 . . 19 53 . 25 94 9 23 . 18 19 27 21 13 30 17 3 1 Haulers Intercepted 5 | . . 2 . . . 1 . . 2 . . . . . . . . . . . . Recyclers Shooed 9 | . . . . . . 1 . . 6 . . . . . 1 . . 1 . . . Parts Field Recycled . | . . . . . . . . . . . . . . . . . . . . . . Retrieved Matter . | . . . . . . . . . . . . . . . . . . . . . . Parts Self-Destructed 86 | . . . . . . . . . . 10 28 . 31 . . . . . 14 3 . Prevented 8 | . . . . . . . . . . 2 . . . . . . . . 6 . . Kills | -11 -10 -9 -9 -9 -8 -8 -7 -7 -6 -6 -6 -6 -5 -5 -5 -5 -5 -4 -4 -4 -4 ------- Run | Yrd Mat Mat Min Exi Min Mat Fac DSF Fac Low Low Dat Pro Fac Ext Cet Arc Fac Upp Upp War Combat Hostiles Destroyed 189 | . 6 10 . . 9 22 . 10 31 7 15 . 7 7 13 20 4 10 11 3 4 Guns 64 | . 6 10 . . 3 10 . 9 7 . . . 2 2 5 . . 4 4 1 1 Cannons 96 | . . . . . 5 11 . 1 21 7 15 . 4 5 6 8 1 3 7 2 . AOE 21 | . . . . . 1 1 . . 3 . . . . . 1 11 . 1 . . 3 Classes Destroyed 22 | 2 3 2 . . 3 1 . 2 4 . 1 . 2 . 1 . . . . . 1 Worker 5 | . . . . . 1 . . . 2 . . . . . . . . 2 . . . Builder 6 | . . . . . . 1 . . 2 . . . . 1 . . . 2 . . . Tunneler 2 | 2 . . . . . . . . . . . . . . . . . . . . . Hauler 5 | . . 2 . . . 1 . . 2 . . . . . . . . . . . . Recycler 13 | 1 . 1 . . . 4 . . 6 . . . . . . . . 1 . . . Minesweeper 1 | . . . . . . . . . . . . . 1 . . . . . . . . Mechanic 1 | . . . . . . . . . 1 . . . . . . . . . . . . Operator 3 | . . . . . . . . . 2 . . . . . 1 . . . . . . Drone 1 | . . . . . . . . . . . . . 1 . . . . . . . . Watcher 11 | . 1 . . . . 3 . . 3 . . . . 1 1 1 . 1 . . . Swarmer 44 | . 3 . . . 3 3 . . 3 2 8 . . 4 . 10 . . 5 1 2 Grunt 67 | . 3 7 . . 4 14 . 6 7 2 4 . 4 . 5 2 . 5 3 1 . Brawler 4 | . . . . . 1 . . . 1 1 1 . . . . . . . . . . Duelist 3 | . . . . . 1 . . 1 1 . . . . . . . . . . . . Sentry 32 | . . 3 . . . 5 . . 6 2 2 . . 1 6 . 4 1 1 1 . Specialist 4 | . . . . . . . . 2 2 . . . . . . . . . . . . Hunter 5 | . . . . . . . . . 3 . . . . . 1 . . . . . 1 Programmer 17 | . . . . . . . . . 7 . . . 2 2 . . . 4 2 . . Heavy 2 | . . . . . . . . 1 1 . . . . . . . . . . . . Behemoth 1 | . . . . . . . . . . . . . . . 1 . . . . . . Cetus Guard 8 | . . . . . . . . . . . . . . . . 8 . . . . . Striker 1 | . . . . . . . . . . . . . . . . . . . . . 1 Samaritan 1 | . . . . . . . . . . . 1 . . . . . . . . . . Best Kill Streak 10 | 3 5 6 . . 4 3 . 3 5 3 5 . 2 5 5 10 2 4 3 1 3 Combat Bots Only 10 | . 5 4 . . 3 3 . 3 4 3 5 . 2 4 4 10 2 4 3 1 3 Max Kills in Single Turn 3 | 1 1 1 . . 1 2 . 1 2 1 1 . 1 2 1 3 1 2 1 1 3 Gunslinging . | . . . . . . . . . . . . . . . . . . . . . . Exploded 3 | . . . . . 1 1 . . 1 . . . . . 1 2 . 1 . . 3 Melee . | . . . . . . . . . . . . . . . . . . . . . . Uniques/NPCs Destroyed . | . . . . . . . . . . . . . . . . . . . . . . Combat | -11 -10 -9 -9 -9 -8 -8 -7 -7 -6 -6 -6 -6 -5 -5 -5 -5 -5 -4 -4 -4 -4 -------- Run | Yrd Mat Mat Min Exi Min Mat Fac DSF Fac Low Low Dat Pro Fac Ext Cet Arc Fac Upp Upp War Hostile Shots Fired 1478 | . 34 46 . . 41 118 . 63 257 73 133 . 86 32 213 107 6 90 96 30 53 Missed 428 | . 9 18 . . 13 29 . 21 83 24 37 . 28 6 45 34 4 21 29 13 14 Hits 1050 | . 25 28 . . 28 89 . 42 174 49 96 . 58 26 168 73 2 69 67 17 39 Melee 19 | . . . . . 3 . . 1 . 3 2 . . . . . . . . . 10 Projectile 1031 | . 25 28 . . 25 89 . 41 174 46 94 . 58 26 168 73 2 69 67 17 29 Critical Strikes 52 | . 2 1 . . 2 10 . 1 5 1 3 . 3 1 8 9 . 1 2 . 3 Actively Blocked 1 | . . . . . . . . . . . . . . . . . . . . . 1 Part Disruptions 4 | . . . . . . . . . . . . . . . . . . 3 1 . . Damage Taken 20765 | . 272 345 . . 480 1415 . 835 2727 733 1675 . 1172 489 3661 1510 47 2110 1406 378 1510 Core 2382 | . 10 100 . . 58 193 . . 235 18 269 . 155 101 486 125 18 51 267 30 266 Absorbed by Shields 206 | . . . . . . . . . . . . . . . 206 . . . . . . Reduced by Siege Mode 34 | . . . . . . . . . . . . . . . . . . . 34 . . Redirected to Shielding 182 | . . 11 . . . . . . . . . . . . . . . . 95 12 64 Ignored by Resistances 312 | . . . . . . . . . . . 14 . 72 5 6 172 5 . 38 . . Core Remaining (%) 66 | 100 96 . . . 60 64 . 100 . . . . 20 . . . 27 . . . . Volleys Fired 732 | 6 28 38 . . 25 86 . 30 102 58 62 . 38 10 104 35 6 38 43 13 10 Largest 4 | 2 2 2 . . 2 2 . 3 4 4 4 . 2 4 4 2 2 4 4 2 2 Hottest 282 | 70 70 50 . . 93 93 . 170 227 242 263 . 155 254 254 100 135 258 282 143 134 Shots Fired 1474 | 12 56 76 . . 38 172 . 76 293 88 99 . 52 34 225 33 10 85 84 21 20 Gun 678 | 12 56 76 . . 13 86 . 47 93 4 3 . 23 14 127 6 4 47 39 10 18 Cannon 785 | . . . . . 21 86 . 29 200 84 96 . 25 20 96 27 6 38 45 11 1 Launcher 11 | . . . . . 4 . . . . . . . 4 . 2 . . . . . 1 Special . | . . . . . . . . . . . . . . . . . . . . . . Kinetic 900 | 6 28 76 . . 13 134 . 29 181 73 57 . . 14 143 3 3 44 78 17 1 Thermal 429 | 6 28 . . . 21 25 . 29 53 9 42 . 48 20 80 30 7 20 6 4 1 Explosive 6 | . . . . . 4 . . . . . . . 2 . . . . . . . . Electromagnetic 121 | . . . . . . 13 . 18 59 6 . . 2 . 2 . . 21 . . . Entropic 18 | . . . . . . . . . . . . . . . . . . . . . 18 Robot Hit Streak 30 | 5 6 9 . . 6 15 . 15 30 3 10 . 20 4 7 5 2 10 18 4 3 Robot Miss Streak 15 | 1 3 6 . . 4 7 . 4 4 5 4 . 15 5 9 4 1 9 4 3 2 Penetration Max 1 | . . . . . . . . . . . . . . . 1 . . 1 1 . . Secondary Targets 3 | . 2 . . . . . . . . . . . . . . . . . . . 1 Max Gunslinging Chain 1 | . 1 . . . . . . . . . . . . . . . . . . . 1 Shots Hit Robots 834 | 8 32 55 . . 21 115 . 54 194 20 50 . 37 12 108 13 4 46 41 12 12 Core Hits 437 | 4 13 25 . . 18 53 . 35 95 13 23 . 23 11 39 30 2 27 18 4 4 Critical Kills 10 | . . 1 . . . 1 . . . . . . . . 3 1 3 1 . . . Critical Parts Destroyed 12 | . 1 2 . . . . . . . . . . . . 9 . . . . . . Critical Strikes 47 | 1 2 3 . . . 4 . 2 11 2 1 . . . 14 1 3 1 2 . . Burn 9 | 1 1 . . . . . . 2 4 . . . . . 1 . . . . . . Meltdown 6 | . . . . . . 1 . . . . . . . . . 1 3 1 . . . Destroy 17 | . 1 3 . . . . . . . . . . . . 13 . . . . . . Blast 15 | . . . . . . 3 . . 7 2 1 . . . . . . . 2 . . Melee Attacks 13 | . . . . . . . . . . 3 6 . 4 . . . . . . . . Impact . | . . . . . . . . . . . . . . . . . . . . . . Slashing 13 | . . . . . . . . . . 3 6 . 4 . . . . . . . . Piercing . | . . . . . . . . . . . . . . . . . . . . . . Sneak Attacks 6 | . . . . . . . . . . . 5 . 1 . . . . . . . . Combat Hostiles . | . . . . . . . . . . . . . . . . . . . . . . Follow-up Attacks . | . . . . . . . . . . . . . . . . . . . . . . Damage Inflicted 30445 | 79 317 1046 . . 659 2736 . 1200 6464 713 1609 . 1313 574 3214 4501 697 2438 1398 358 1129 Guns 9082 | 79 317 1042 . . 136 1161 . 820 1511 . . . 390 175 1328 54 . 742 706 129 492 Cannons 14866 | . . . . . 286 1521 . 380 4183 713 1540 . 484 399 1540 1587 535 777 692 229 . Explosions 6076 | . . . . . 224 54 . . 767 . . . 174 . 318 2856 162 884 . . 637 Melee 334 | . . . . . . . . . . . 69 . 265 . . . . . . . . Ramming 87 | . . 4 . . 13 . . . 3 . . . . . 28 4 . 35 . . . Kinetic 13282 | 18 143 1042 . . 136 2087 . 380 3660 591 900 . . 175 1621 54 . 829 1368 278 . Thermal 12894 | 61 174 . . . 286 425 . 506 1748 31 640 . 954 399 1373 4443 697 1047 30 80 . Explosive 675 | . . . . . 224 . . . . . . . 94 . . . . 357 . . . Electromagnetic 2044 | . . . . . . 224 . 314 1053 91 . . . . 192 . . 170 . . . Impact . | . . . . . . . . . . . . . . . . . . . . . . Slashing 334 | . . . . . . . . . . . 69 . 265 . . . . . . . . Piercing . | . . . . . . . . . . . . . . . . . . . . . . Entropic 1129 | . . . . . . . . . . . . . . . . . . . . . 1129 Highest Corruption 33 | . . . . . . . . . . . 4 1 4 23 33 33 33 3 6 6 6 Average Corruption 6 | . . . . . . . . . . . 2 1 1 22 27 33 33 2 5 6 6 Corruption Purged 3 | . . . . . . . . . . . 3 . . . . . . . . . . Corruption Blocked . | . . . . . . . . . . . . . . . . . . . . . . Effects 408 | . . . . . . . . . . . 93 5 55 10 77 50 15 11 58 21 13 Message Errors 108 | . . . . . . . . . . . 26 2 14 4 18 13 1 2 17 6 5 Matter Fused 95 | . . . . . . . . . . . 28 1 15 2 12 12 6 2 11 3 3 Heat Flow Errors 47 | . . . . . . . . . . . 13 . 8 2 5 5 2 1 7 3 1 Energy Discharges 48 | . . . . . . . . . . . 7 2 7 . 8 7 1 2 11 3 . Parts Rejected 2 | . . . . . . . . . . . . . . . 1 1 . . . . . Parts Fused 5 | . . . . . . . . . . . 2 . . . 1 1 1 . . . . Data Loss (minor) 43 | . . . . . . . . . . . 11 . 5 1 10 3 2 1 5 4 1 Data Loss (major) 19 | . . . . . . . . . . . . . 2 . 8 1 . 2 2 2 2 Misfires 12 | . . . . . . . . . . . . . 2 . 3 1 2 1 2 . 1 Alerts 12 | . . . . . . . . . . . 5 . 2 1 2 . . . 2 . . Misdirections 3 | . . . . . . . . . . . . . . . 1 2 . . . . . Weapon Failures 14 | . . . . . . . . . . . 1 . . . 8 4 . . 1 . . Overload Shots . | . . . . . . . . . . . . . . . . . . . . . . Overflow Damage 977 | . . . . . 1 21 . . 227 . . . 87 18 57 301 57 94 51 4 59 Projectiles 531 | . . . . . 1 21 . . 143 . . . . 18 25 219 34 15 51 4 . Explosions 384 | . . . . . . . . . 84 . . . 25 . 32 82 23 79 . . 59 Melee 62 | . . . . . . . . . . . . . 62 . . . . . . . . Knockbacks 78 | . . . . . . 15 . 4 30 5 4 . . . 7 . . 4 7 2 . Impact . | . . . . . . . . . . . . . . . . . . . . . . Kinetic 72 | . . . . . . 14 . 4 28 5 4 . . . 5 . . 4 6 2 . Secondary 6 | . . . . . . 1 . . 2 . . . . . 2 . . . 1 . . Self-Inflicted Damage 1270 | . . . . . 47 25 . . 229 . . . 82 . 14 . . 694 . . 179 Shots 23 | . . . . . 1 1 . . 4 . . . 2 . 2 . . 12 . . 1 Rammed 7 | . . . . . . . . . 3 . . . . . . 2 . 2 . . . Targets Rammed 13 | . . 1 . . 1 . . . 3 . . . . . 3 2 . 3 . . . Kicked 5 | . . 1 . . 1 . . . . . . . . . 3 . . . . . . Crushed 1 | . . . . . . . . . . . . . . . . . . 1 . . . Highest Temperature 530 | 80 331 11 . . 250 327 . 426 462 300 435 . 206 306 424 243 199 374 530 261 74 Average Temperature 105 | 30 104 3 . . 81 105 . 95 130 99 104 . 62 103 124 100 87 118 92 90 20 Received Heat Transfer 4649 | . 141 180 . . 198 891 . 252 379 138 477 . 249 27 927 234 9 211 162 66 108 Effects 18 | . 4 . . . . . . . 6 . 4 . . . 1 . . 2 1 . . Shutdowns 5 | . 1 . . . . . . . 1 . 1 . . . 1 . . 1 . . . Energy Bleed 2 | . 2 . . . . . . . . . . . . . . . . . . . . Interference 8 | . . . . . . . . . 4 . 3 . . . . . . 1 . . . Matter Decay 1 | . . . . . . . . . 1 . . . . . . . . . . . . Damage (minor) 1 | . 1 . . . . . . . . . . . . . . . . . . . . Damage (core) 1 | . . . . . . . . . . . . . . . . . . . 1 . . Siege Activations 2 | . . . . . . . . . . . . . . . . . . . 2 . . Total Turns 24 | . . . . . . . . . . . . . . . . . . . 24 . . Longest Duration 17 | . . . . . . . . . . . . . . . . . . . 17 . . Martial Activations . | . . . . . . . . . . . . . . . . . . . . . . Shielding Activations . | . . . . . . . . . . . . . . . . . . . . . . Robots Disrupted . | . . . . . . . . . . . . . . . . . . . . . . Combat Hostiles . | . . . . . . . . . . . . . . . . . . . . . . Robots Corrupted . | . . . . . . . . . . . . . . . . . . . . . . Combat Hostiles . | . . . . . . . . . . . . . . . . . . . . . . Parts Fried 4 | . . . . . . 1 . . 2 . . . . . 1 . . . . . . Impact Corruptions . | . . . . . . . . . . . . . . . . . . . . . . Robots Melted 9 | . . . . . . 1 . . . . . . 1 . 1 1 3 2 . . . Combat Hostiles 8 | . . . . . . . . . . . . . 1 . 1 1 3 2 . . . Parts Melted 24 | . . . . . . 1 . . 7 . 1 . 4 1 1 1 4 4 . . . Heat Transferred 16415 | 259 592 . . . 518 716 . 1278 3225 50 959 . 1409 150 1255 4320 560 976 37 111 . Parts Sabotaged . | . . . . . . . . . . . . . . . . . . . . . . Parts Stolen . | . . . . . . . . . . . . . . . . . . . . . . Parts Stripped . | . . . . . . . . . . . . . . . . . . . . . . Power Chain Reactions 5 | . . . . . . 1 . . 3 . . . 1 . . . . . . . . Alert | -11 -10 -9 -9 -9 -8 -8 -7 -7 -6 -6 -6 -6 -5 -5 -5 -5 -5 -4 -4 -4 -4 ------- Run | Yrd Mat Mat Min Exi Min Mat Fac DSF Fac Low Low Dat Pro Fac Ext Cet Arc Fac Upp Upp War Maximum Alert Level 3 | . . . . . . 1 . 1 2 . . . . 3 1 1 1 1 . . . Low Security (%) 69 | 100 100 100 100 . 100 98 100 94 50 . . . . . 60 92 3 40 . . . Level 1 14 | . . . . . . 1 . 5 10 . . . . 15 39 7 96 59 . . . Level 2 13 | . . . . . . . . . 38 . . . . 53 . . . . . . . Level 3 2 | . . . . . . . . . . . . . . 30 . . . . . . . Level 4 . | . . . . . . . . . . . . . . . . . . . . . . Level 5 . | . . . . . . . . . . . . . . . . . . . . . . High Security . | . . . . . . . . . . . . . . . . . . . . . . Max Security . | . . . . . . . . . . . . . . . . . . . . . . Sterilizations 1 | . . . . . . . . 1 . . . . . . . . . . . . . Peak Influence 953 | 15 115 138 26 . 124 202 74 245 622 . . . . 953 290 393 322 276 . . . Initial 953 | . 3 17 26 . . 26 74 . 128 . . . . 953 162 121 152 74 . . . Average 172 | 2 52 38 23 . 26 66 28 105 264 . . . . 616 179 115 262 173 . . . Influence Increases 8104 | 15 162 304 . . 321 692 . 255 1260 155 379 . 387 1153 1028 662 192 722 262 75 80 Destroy 0b10 Robot/C 4120 | . 120 200 . . 180 440 . 200 620 140 340 . 260 140 420 400 80 200 240 60 80 Destroy 0b10 Robot/NC 255 | 15 5 15 . . 5 45 . . 90 . . . 25 10 10 5 . 30 . . . Destroy Leader 730 | . 22 64 . . 30 118 . 40 210 . 20 . 60 32 52 20 . 42 20 . . Allied During Kill 71 | . . . . . . . . . . . 19 . 12 . 38 . . . 2 . . Successful Hack 140 | . . 9 . . . 42 . . 16 . . . . 38 24 . . 11 . . . Disable Machine 645 | . . 15 . . 75 15 . 15 165 . . . . . 60 45 60 195 . . . Destroy Structure 778 | . . 1 . . 31 17 . . 129 . . . . 18 124 192 52 214 . . . Advance Influence 900 | . . . . . . . . . . . . . . 900 . . . . . . . Lose Combat Pursuer 465 | . 15 . . . . 15 . . 30 15 . . 30 15 300 . . 30 . 15 . Influence Decreases 8068 | 10 125 277 53 16 253 595 165 10 886 764 389 . 301 907 1142 499 359 700 498 75 44 Entered New Map 1325 | . 2 25 43 16 . 42 91 . 117 230 2 . . 33 170 97 229 140 88 . . Time Decay 5106 | 10 123 252 10 . 203 541 74 . 659 474 277 . 231 404 542 362 130 420 340 50 4 Search Patrol Dispatched 450 | . . . . . . . . . . . . . . 450 . . . . . . . Lost Part 967 | . . . . . 50 12 . 10 110 60 70 . 50 20 270 40 . 140 70 25 40 Lost Ally 220 | . . . . . . . . . . . 40 . 20 . 160 . . . . . . Squads Dispatched 44 | . 1 3 . . . 4 . 2 12 . . . . 8 4 1 . 9 . . . Investigation 14 | . 1 3 . . . 4 . . 2 . . . . 1 2 1 . . . . . Extermination 13 | . . . . . . . . . 8 . . . . 2 . . . 3 . . . Reinforcement 11 | . . . . . . . . 2 1 . . . . 3 2 . . 3 . . . Assault 1 | . . . . . . . . . 1 . . . . . . . . . . . . Garrison 5 | . . . . . . . . . . . . . . 2 . . . 3 . . . Intercept . | . . . . . . . . . . . . . . . . . . . . . . Searches Triggered 3 | . . . . . . . . . . . . . . 3 . . . . . . . Data Miner Redirects 1 | . . . . . . . . . . . . . . . 1 . . . . . . Construction Impeded 2 | . . . . . . . . . . . . . . . . . . 2 . . . Haulers Reinforced . | . . . . . . . . . . . . . . . . . . . . . . Active Scanning Responses . | . . . . . . . . . . . . . . . . . . . . . . Cargo Convoy Interrupts . | . . . . . . . . . . . . . . . . . . . . . . Stealth | -11 -10 -9 -9 -9 -8 -8 -7 -7 -6 -6 -6 -6 -5 -5 -5 -5 -5 -4 -4 -4 -4 --------- Run | Yrd Mat Mat Min Exi Min Mat Fac DSF Fac Low Low Dat Pro Fac Ext Cet Arc Fac Upp Upp War Distress Signals 17 | . 2 . . . . 2 . . . . . . 1 . 8 2 1 . . . 1 Communications Jammed 19 | . . . . . . . . . 11 . . . 4 . 3 . . . 1 . . Distress Signals 11 | . . . . . . . . . 7 . . . . . 3 . . . 1 . . Times Spotted 292 | . 15 16 . . 9 33 . 13 41 11 18 . 17 9 47 23 5 14 12 4 5 Peak Tracking Total 12 | . 6 4 . . 3 4 . 4 4 6 6 . 4 5 12 9 2 4 3 3 4 Tactical Retreats 19 | . 1 . . . . 1 . . 1 1 . . 1 1 10 . . 2 . 1 . Traps | -11 -10 -9 -9 -9 -8 -8 -7 -7 -6 -6 -6 -6 -5 -5 -5 -5 -5 -4 -4 -4 -4 ------- Run | Yrd Mat Mat Min Exi Min Mat Fac DSF Fac Low Low Dat Pro Fac Ext Cet Arc Fac Upp Upp War Traps Triggered 14 | . . 1 . . . 1 . 1 4 . . . . . 4 . . 2 . 1 . Indirectly 1 | . . . . . . . . . . . . . . . 1 . . . . . . Trap Hack Attempts . | . . . . . . . . . . . . . . . . . . . . . . Triggered . | . . . . . . . . . . . . . . . . . . . . . . Disarmed . | . . . . . . . . . . . . . . . . . . . . . . Reprogrammed . | . . . . . . . . . . . . . . . . . . . . . . Reused . | . . . . . . . . . . . . . . . . . . . . . . Traps Extracted . | . . . . . . . . . . . . . . . . . . . . . . Installed . | . . . . . . . . . . . . . . . . . . . . . . Triggered . | . . . . . . . . . . . . . . . . . . . . . . Most Traps Carried 1 | . . . . . . . . . . . . . 1 1 1 1 1 . . . . Machines | -11 -10 -9 -9 -9 -8 -8 -7 -7 -6 -6 -6 -6 -5 -5 -5 -5 -5 -4 -4 -4 -4 ---------- Run | Yrd Mat Mat Min Exi Min Mat Fac DSF Fac Low Low Dat Pro Fac Ext Cet Arc Fac Upp Upp War Machines Disabled 45 | . . 1 . . 5 1 . 1 11 . . . . . 5 3 4 13 . 1 . Max in Single Turn 5 | . . 1 . . 1 1 . 1 5 . . . . . 2 2 1 4 . 1 . Energy Cycler 3 | . . . . . . . . . . . . . . . 3 . . . . . . Machines Repaired . | . . . . . . . . . . . . . . . . . . . . . . Machines Dismantled . | . . . . . . . . . . . . . . . . . . . . . . Machines Sabotaged . | . . . . . . . . . . . . . . . . . . . . . . Overloaded Fab Kills . | . . . . . . . . . . . . . . . . . . . . . . Hacking | -11 -10 -9 -9 -9 -8 -8 -7 -7 -6 -6 -6 -6 -5 -5 -5 -5 -5 -4 -4 -4 -4 --------- Run | Yrd Mat Mat Min Exi Min Mat Fac DSF Fac Low Low Dat Pro Fac Ext Cet Arc Fac Upp Upp War Machines Accessed 60 | . 1 6 . 1 . 7 2 . 8 2 . 4 . 3 8 1 1 4 3 2 7 Terminals 31 | . 1 6 . . . 4 1 . 4 . . . . 3 8 1 . 2 1 . . Fabricators 2 | . . . . . . . 1 . 1 . . . . . . . . . . . . Repair Stations 3 | . . . . . . . . . 2 . . . . . . . . 1 . . . Recycling Units 1 | . . . . . . 1 . . . . . . . . . . . . . . . Scanalyzers 3 | . . . . . . 2 . . . . . . . . . . . 1 . . . Garrison Access 1 | . . . . . . . . . 1 . . . . . . . . . . . . Total Hacks 188 | . 3 20 . 1 . 26 3 . 19 4 . 25 . 7 16 4 25 16 6 2 11 Successful 122 | . 1 6 . 1 . 16 1 . 6 4 . 25 . 4 7 1 25 6 6 2 11 Failed 65 | . 2 14 . . . 10 2 . 13 . . . . 3 9 3 . 9 . . . Catastrophic 11 | . . 2 . . . . . . 1 . . . . 2 2 2 . 2 . . . Database Lockouts 1 | . . . . . . . . . . . . . . . . . . 1 . . . Manual 54 | . 3 19 . 1 . 12 . . 8 . . . . 5 3 . . 3 . . . Terminals 96 | . 3 20 . . . 18 1 . 12 . . . . 7 16 4 . 13 2 . . Fabricators 3 | . . . . . . . 2 . 1 . . . . . . . . . . . . Repair Stations 6 | . . . . . . . . . 4 . . . . . . . . 2 . . . Recycling Units 2 | . . . . . . 2 . . . . . . . . . . . . . . . Scanalyzers 7 | . . . . . . 6 . . . . . . . . . . . 1 . . . Garrison Access 2 | . . . . . . . . . 2 . . . . . . . . . . . . Terminal Hacks 103 | . . 4 . 1 . 8 1 . 2 4 . 25 . 2 6 1 25 5 6 2 11 Record 61 | . . . . . . . . . . 3 . 11 . . 2 1 25 3 5 1 10 Part Schematic 8 | . . . . . . . . . . . . 8 . . . . . . . . . Robot Schematic 3 | . . . . . . . . . . . . 3 . . . . . . . . . Prototype ID Bank 4 | . . . . . . 1 . . . . . 3 . . . . . . . . . Open Door 6 | . . . . . . . . . . 1 . . . . 2 . . . 1 1 1 Open DSF 1 | . . . . . . . 1 . . . . . . . . . . . . . . Branch Access Points 5 | . . 1 . . . 1 . . 1 . . . . 1 . . . 1 . . . Emergency Access Points 1 | . . . . . . . . . . . . . . . . . . 1 . . . Terminal Index 2 | . . . . . . 1 . . 1 . . . . . . . . . . . . Garrison Index 1 | . . . . . . 1 . . . . . . . . . . . . . . . Dispatch Records 1 | . . . . . . 1 . . . . . . . . . . . . . . . Surveillance Status 1 | . . . . . . 1 . . . . . . . . . . . . . . . Recall Investigation 1 | . . . . . . . . . . . . . . 1 . . . . . . . Registered Components 2 | . . 1 . . . 1 . . . . . . . . . . . . . . . Zone Layout 5 | . . 2 . . . 1 . . . . . . . . 2 . . . . . . Proto ID Catalog 1 | . . . . 1 . . . . . . . . . . . . . . . . . Fabricator Hacks 1 | . . . . . . . . . 1 . . . . . . . . . . . . Network Status 1 | . . . . . . . . . 1 . . . . . . . . . . . . Repair Station Hacks 1 | . . . . . . . . . 1 . . . . . . . . . . . . Scan Component 1 | . . . . . . . . . 1 . . . . . . . . . . . . Recycling Unit Hacks 2 | . . . . . . 2 . . . . . . . . . . . . . . . Report Inventory 1 | . . . . . . 1 . . . . . . . . . . . . . . . Retrieve Components 1 | . . . . . . 1 . . . . . . . . . . . . . . . Scanalyzer 4 | . . . . . . 4 . . . . . . . . . . . . . . . Insert Component 2 | . . . . . . 2 . . . . . . . . . . . . . . . Analyze 2 | . . . . . . 2 . . . . . . . . . . . . . . . Garrison Access Hacks . | . . . . . . . . . . . . . . . . . . . . . . Unauthorized Hacks 11 | . 1 2 . . . 2 . . 2 . . . . 2 1 . . 1 . . . Terminals 11 | . 1 2 . . . 2 . . 2 . . . . 2 1 . . 1 . . . Botnet 11 | . 1 2 . . . 2 . . 2 . . . . 2 1 . . 1 . . . Fabricators . | . . . . . . . . . . . . . . . . . . . . . . Repair Stations . | . . . . . . . . . . . . . . . . . . . . . . Recycling Units . | . . . . . . . . . . . . . . . . . . . . . . Scanalyzers . | . . . . . . . . . . . . . . . . . . . . . . Garrison Access . | . . . . . . . . . . . . . . . . . . . . . . Data Cores Recovered 2 | . . . . . . . . . 2 . . . . . . . . . . . . Used . | . . . . . . . . . . . . . . . . . . . . . . Hacking Detections 34 | . 1 5 . . . 6 1 . 7 . . . . 3 6 1 . 4 . . . Full Trace Events 13 | . 1 3 . . . 3 . . 2 . . . . 1 2 1 . . . . . Feedback Events . | . . . . . . . . . . . . . . . . . . . . . . Feedback Blocked . | . . . . . . . . . . . . . . . . . . . . . . Robot Schematics Acquired 3 | . . . . . . . . . . . . 3 . . . . . . . . . Robots Built . | . . . . . . . . . . . . . . . . . . . . . . Authchips . | . . . . . . . . . . . . . . . . . . . . . . Time . | . . . . . . . . . . . . . . . . . . . . . . Total Robot Build Rating . | . . . . . . . . . . . . . . . . . . . . . . Part Schematics Acquired 9 | . . . . . . 1 . . . . . 8 . . . . . . . . . Parts Built . | . . . . . . . . . . . . . . . . . . . . . . Authchips . | . . . . . . . . . . . . . . . . . . . . . . Time . | . . . . . . . . . . . . . . . . . . . . . . Total Part Build Rating . | . . . . . . . . . . . . . . . . . . . . . . Parts Repaired . | . . . . . . . . . . . . . . . . . . . . . . Time . | . . . . . . . . . . . . . . . . . . . . . . Parts Recycled . | . . . . . . . . . . . . . . . . . . . . . . Recycled Matter . | . . . . . . . . . . . . . . . . . . . . . . Retrieved Matter . | . . . . . . . . . . . . . . . . . . . . . . Retrieved Components 10 | . . . . . . 10 . . . . . . . . . . . . . . . Parts Scanalyzed 1 | . . . . . . 1 . . . . . . . . . . . . . . . Part Schematics Acquired 1 | . . . . . . 1 . . . . . . . . . . . . . . . Parts Damaged . | . . . . . . . . . . . . . . . . . . . . . . Bothacking | -11 -10 -9 -9 -9 -8 -8 -7 -7 -6 -6 -6 -6 -5 -5 -5 -5 -5 -4 -4 -4 -4 ------------ Run | Yrd Mat Mat Min Exi Min Mat Fac DSF Fac Low Low Dat Pro Fac Ext Cet Arc Fac Upp Upp War Used RIF Installer . | . . . . . . . . . . . . . . . . . . . . . . Robots Hacked . | . . . . . . . . . . . . . . . . . . . . . . Non-combat . | . . . . . . . . . . . . . . . . . . . . . . Combat . | . . . . . . . . . . . . . . . . . . . . . . Robot Hacks Applied . | . . . . . . . . . . . . . . . . . . . . . . Relay Couplers Released . | . . . . . . . . . . . . . . . . . . . . . . Fabnet Peak Effective % . | . . . . . . . . . . . . . . . . . . . . . . Robots Rewired 11 | . . . . . . . . . . 2 2 . . . 7 . . . . . . Allies Hacked . | . . . . . . . . . . . . . . . . . . . . . . Hacks Repelled . | . . . . . . . . . . . . . . . . . . . . . . Allies | -11 -10 -9 -9 -9 -8 -8 -7 -7 -6 -6 -6 -6 -5 -5 -5 -5 -5 -4 -4 -4 -4 -------- Run | Yrd Mat Mat Min Exi Min Mat Fac DSF Fac Low Low Dat Pro Fac Ext Cet Arc Fac Upp Upp War Total Allies 15 | . . . . . . . . . . 2 2 . 1 . 9 . . . 1 . . Largest Group 6 | . . . . . . . . . . 2 2 2 2 . 6 . . . 1 . . Highest-Rated Group 150 | . . . . . . . . . . 58 61 53 96 . 150 . . . 138 . . Highest-Rated Ally 138 | . . . . . . . . . . 29 32 29 96 . 39 . . . 138 . . Initial Warlord ECA Mod 97 | . . . . . . . . . 9 9 9 9 8 8 7 7 7 6 6 6 6 Warlord Squad Rendezvous 1 | . . . . . . . . . . . . . . 1 . . . . . . . Ghost 1 | . . . . . . . . . . . . . . 1 . . . . . . . Total Orders 2 | . . . . . . . . . . . . . . 2 . . . . . . . RETURN 2 | . . . . . . . . . . . . . . 2 . . . . . . . Ally Attacks 119 | . . . . . . . . . . . 20 . 36 . 62 . . . 1 . . Total Damage 2660 | . . . . . . . . . . . 132 . 1240 . 1098 . . . 190 . . Kills 20 | . . . . . . . . . . . 2 . 8 . 9 . . . 1 . . Allies Corrupted . | . . . . . . . . . . . . . . . . . . . . . . Allies Melted 2 | . . . . . . . . . . . . . . . . . . . . . 2 Intel | -11 -10 -9 -9 -9 -8 -8 -7 -7 -6 -6 -6 -6 -5 -5 -5 -5 -5 -4 -4 -4 -4 ------- Run | Yrd Mat Mat Min Exi Min Mat Fac DSF Fac Low Low Dat Pro Fac Ext Cet Arc Fac Upp Upp War Active Infowar (turns) 27398 | 14 321 1313 24 1043 1276 1191 . . 3465 2805 6575 446 5964 975 131 . . 29 1819 7 . Sensors 7 | . . . . . . . . . . . . . . . . . . . . 7 . Terrain 806 | . . . . . . 777 . . . . . . . . . . . 29 . . . Seismic 4405 | 14 321 1313 24 1043 1276 414 . . . . . . . . . . . . . . . Cloaking 718 | . . . . . . . . . . . . . 303 334 81 . . . . . . Jamming 22180 | . . . . . . . . . 3465 2805 6575 446 5964 975 131 . . . 1819 . . Robot Analysis Total . | . . . . . . . . . . . . . . . . . . . . . . Derelict Logs Recovered 8 | . . . . . . . . . . 1 2 . 1 . . . . . 2 2 . Drone Launches 2 | . . . . . . . . . . . . . 2 . . . . . . . . Drone Recoveries 2 | . . . . . . . . . . . . . . 2 . . . . . . . Exploration | -11 -10 -9 -9 -9 -8 -8 -7 -7 -6 -6 -6 -6 -5 -5 -5 -5 -5 -4 -4 -4 -4 ------------- Run | Yrd Mat Mat Min Exi Min Mat Fac DSF Fac Low Low Dat Pro Fac Ext Cet Arc Fac Upp Upp War Turns Passed 36822 | 99 321 1313 24 1043 1276 2582 216 338 3473 2805 6575 446 5964 975 1554 828 277 1110 2224 861 2518 Spaces Moved 13066 | 45 136 553 14 578 454 952 122 140 1435 2019 1032 80 1341 362 504 413 141 566 1304 334 541 Core 346 | 13 . . . . . . . . 1 . 174 . 1 . . . . . . 10 147 Treads 4535 | 32 136 126 . . . 251 122 140 1070 . 430 80 29 . 276 413 141 566 468 255 . Legs 3653 | . . 427 14 578 454 701 . . . . . . 1144 107 228 . . . . . . Wheels 4138 | . . . . . . . . . 364 2019 428 . 167 255 . . . . 836 69 . Hover 394 | . . . . . . . . . . . . . . . . . . . . . 394 Flight . | . . . . . . . . . . . . . . . . . . . . . . Fastest Speed 50 | 50 160 90 180 180 90 90 170 170 110 115 130 560 185 182 162 160 160 160 125 155 80 Average Speed 238 | 128 160 137 180 180 91 176 170 170 170 128 611 560 432 197 216 165 160 164 157 244 449 Slowest Speed 2100 | 160 160 180 180 180 180 410 170 170 1350 130 2100 560 1850 215 330 242 160 240 320 950 950 Overloaded Moves . | . . . . . . . . . . . . . . . . . . . . . . Propulsion Burnouts . | . . . . . . . . . . . . . . . . . . . . . . Robots Hopped . | . . . . . . . . . . . . . . . . . . . . . . Potential Cave-ins . | . . . . . . . . . . . . . . . . . . . . . . Cave-ins Triggered 1 | . . . . . . . . . . . . . . . 1 . . . . . . Exploration Rate (%) 58 | 4 34 45 11 87 70 48 4 85 33 99 97 69 98 10 72 88 88 13 98 54 73 Regions Visited 21 Branch Regions 13 Pre-discovered Areas 3 | . . . . . . . . . . 2 . 1 . . . . . . . . . Known Exits Taken 5 | . . 1 . . . . 1 . 1 . . . . 1 . . . 1 . . . Unknown Exits Taken 15 | 1 1 . 1 1 1 1 . . . 1 1 1 1 . 1 1 1 . 1 1 . Scrap Searched 15 | . . . . . . . . . . 4 2 . 3 . . . . . 3 3 . Spaces Dug 75 | . . . . . . . . . . 41 15 . 1 1 7 . . . 10 . . Terrain Destroyed 884 | . . . . . 42 14 . . 144 58 46 . 14 9 82 202 38 122 50 8 55 Melee 1 | . . . . . . . . . . . . . 1 . . . . . . . . Projectile 324 | . . . . . 1 14 . . 40 58 46 . 4 9 63 6 1 17 50 8 7 AOE 558 | . . . . . 41 . . . 104 . . . 9 . 18 196 37 105 . . 48 Terrain Rammed . | . . . . . . . . . . . . . . . . . . . . . . Walls Destroyed . | . . . . . . . . . . . . . . . . . . . . . . Machines Disabled . | . . . . . . . . . . . . . . . . . . . . . . Actions | -11 -10 -9 -9 -9 -8 -8 -7 -7 -6 -6 -6 -6 -5 -5 -5 -5 -5 -4 -4 -4 -4 --------- Run | Yrd Mat Mat Min Exi Min Mat Fac DSF Fac Low Low Dat Pro Fac Ext Cet Arc Fac Upp Upp War Total 17423 | 76 190 1037 13 581 1274 1705 131 189 2247 2173 1224 83 1440 597 773 467 178 674 1392 364 615 Wait 2796 | 6 18 401 . . 787 562 . 11 602 30 79 3 1 204 47 . . 8 11 . 26 Move 13044 | 44 135 552 13 577 453 951 121 139 1434 2018 1031 79 1340 361 503 412 140 565 1302 333 541 Hop . | . . . . . . . . . . . . . . . . . . . . . . Pick Up 241 | 12 5 16 . 1 1 43 4 3 31 18 7 . 15 9 29 4 14 14 10 3 2 Fast Attach 57 | . . 3 . . 1 8 2 1 3 4 1 . 4 . 6 . . 9 3 4 8 Attach 161 | 7 . 2 . . 3 10 2 1 13 10 9 . 19 9 28 7 3 18 14 2 4 Detach 33 | . . . . . . 1 . . . 2 2 1 6 . 2 5 3 4 2 1 4 Swap 74 | . 2 6 . 1 2 9 . 1 18 2 2 . 3 3 16 1 2 2 1 3 . Drop 180 | 1 2 18 . 2 1 35 2 3 25 13 3 . 10 1 9 1 10 13 6 5 20 Fire 732 | 6 28 38 . . 25 86 . 30 102 58 62 . 38 10 104 35 6 38 43 13 10 Melee 13 | . . . . . . . . . . 3 6 . 4 . . . . . . . . Ram . | . . . . . . . . . . . . . . . . . . . . . . Kick 5 | . . 1 . . 1 . . . . . . . . . 3 . . . . . . Crush 8 | . . . . . . . . . 3 . . . . . . 2 . 3 . . . Escape Stasis 20 | . . . . . . . . . 16 . . . . . 4 . . . . . . Rewire 59 | . . . . . . . . . . 15 22 . . . 22 . . . . . . Trap . | . . . . . . . . . . . . . . . . . . . . . . Miscellaneous . | . . . . . . . . . . . . . . . . . . . . . . Route ------- -11/Scrapyard -10/Materials -9/Materials (discovered 3 exits: *Mat / *Min x2) -9/Mines -9/Exiles -8/Mines -8/Materials -7/Factory -7/DSF -6/Factory (discovered 4 exits: *Fac x2 / *Low x2) -6/Lower Caves -6/Lower Caves (discovered 2 exits: *Fac / *Dat) -6/Data Miner -5/Proximity Caves -5/Factory (discovered 4 exits: Upp x2 / *Ext x2) -5/Extension (discovered 3 exits: *Fac x2 / *Cet) -5/Cetus (discovered 2 exits: *Fac / *Arc) -5/Archives (discovered 3 exits: *Fac / [*Hub x2]) -4/Factory (discovered 3 exits: *Upp x2 / Arm) -4/Upper Caves (discovered 2 exits: *Upp / [*Res]) -4/Upper Caves (discovered 2 exits: [*Res] / *War) -4/Warlord History --------- Turn | Location | Event 28 | -11/Scrapyard | Discovered new exit (range 15) 100 | -11/Scrapyard | Entered Materials 294 | -10/Materials | Discovered new exit (range 13) 309 | -10/Materials | Build established: Mutant 421 | -10/Materials | Entered another Materials area 421 | -9/Materials | Evolved 2 slots: Utility x2 833 | -9/Materials | Discovered new exit (range 9) 1419 | -9/Materials | Discovered new exit (range 3) 1547 | -9/Materials | Discovered new exit (range 10) 1588 | -9/Materials | Identified exit to Mines 1620 | -9/Materials | Build established: Scavenger-Mutant 1734 | -9/Materials | Entered Mines 1736 | -9/Mines | Met a Derelict bent on vengeance 1751 | -9/Mines | Deemed a non-threat by the Exiles lab entrance 1751 | -9/Mines | Discovered new exit (range 5) 1758 | -9/Mines | Entered Exiles 1803 | -9/Exiles | Met 8R-AWN 1830 | -9/Exiles | Met EX-HEX 1924 | -9/Exiles | Met EX-DEC 1963 | -9/Exiles | Visited The Gauntlet 2163 | -9/Exiles | Met EX-BIN 2187 | -9/Exiles | Aligned with FarCom system 2189 | -9/Exiles | Given EX-Vault access code 2230 | -9/Exiles | Opened EX-Vault 2304 | -9/Exiles | Warned to stay clear of 0b10 Research branches 2435 | -9/Exiles | Discovered new exit (range 12) 2594 | -9/Exiles | Found YOLO Cannon 2801 | -9/Exiles | Left Exiles lab with YOLO Cannon 2801 | -9/Exiles | Entered Mines 3932 | -8/Mines | Lost 3 parts (1n1u1w) 4031 | -8/Mines | Discovered new exit (range 8) 4077 | -8/Mines | Entered Materials 4077 | -8/Materials | Evolved 2 slots: Propulsion x2 4211 | -8/Materials | Build established: Mutant 4753 | -8/Materials | Build established: Skirmisher 5583 | -8/Materials | Build established: Mutant 5856 | -8/Materials | Discovered new exit (range 4) 6659 | -8/Materials | Entered Factory 6659 | -7/Factory | Evolved 2 slots: Utility x1, Weapon x1 6873 | -7/Factory | Identified exit to DSF 6875 | -7/Factory | Entered DSF 6931 | -7/DSF | Additional patrols routed to DSF 6968 | -7/DSF | Discovered new exit (range 16) 7075 | -7/DSF | Build established: Tank 7179 | -7/DSF | Sterilization system engaged 7199 | -7/DSF | Ambient heat levels rising (+10) 7213 | -7/DSF | Entered Factory 7213 | -6/Factory | Evolved 2 slots: Utility x1, Weapon x1 7560 | -6/Factory | Discovered new exit (range 10) 8725 | -6/Factory | Identified exit to Lower Caves 8799 | -6/Factory | Discovered new exit (range 15) 9663 | -6/Factory | First assault squad dispatched 10686 | -6/Factory | Entered Lower Caves 10691 | -6/Lower Caves | Build established: Scavenger-Tank 10766 | -6/Lower Caves | Met a Warlord Commander 10767 | -6/Lower Caves | Learned location of Warlord (-4) 10768 | -6/Lower Caves | Warlord Commander delivered Encrypted Comm Array 10770 | -6/Lower Caves | Found Encrypted Comm Array 10850 | -6/Lower Caves | Learned Factory garrison access intel 11203 | -6/Lower Caves | Encountered a Warlord checkpoint 11293 | -6/Lower Caves | Discovered new exit (range 9) 11329 | -6/Lower Caves | Attracted the attention of an 0b10 checkpoint 11519 | -6/Lower Caves | Found Prototype Device 12908 | -6/Lower Caves | Lost 3 parts (2u1w) 12913 | -6/Lower Caves | Attracted the attention of an 0b10 outpost 12927 | -6/Lower Caves | Learned location of Extension (-5) 13491 | -6/Lower Caves | Entered another Lower Caves area 13491 | -6/Lower Caves | Accompanied by 2 allies 13584 | -6/Lower Caves | Attracted the attention of an 0b10 checkpoint 13587 | -6/Lower Caves | Discovered new exit (range 12) 14034 | -6/Lower Caves | Learned Factory emergency access door positions 14163 | -6/Lower Caves | Attracted the attention of an 0b10 outpost 14189 | -6/Lower Caves | Core integrity fell below 50% 14249 | -6/Lower Caves | Lost 10 parts (4n4u2w) 14450 | -6/Lower Caves | Build established: Mutant 18130 | -6/Lower Caves | Encountered a Warlord checkpoint 19243 | -6/Lower Caves | Discovered new exit (range 8) 20066 | -6/Lower Caves | Entered Data Miner 20066 | -6/Data Miner | Accompanied by 2 allies 20067 | -6/Data Miner | Discovered new exit (range 6) 20173 | -6/Data Miner | Met Data Miner 20297 | -6/Data Miner | Learned location of Section 7 (-2) 20297 | -6/Data Miner | Acquired the access code to Warlord's prototype stash 20386 | -6/Data Miner | Received God Mode back door access code from Data Miner 20512 | -6/Data Miner | Entered Proximity Caves 20512 | -5/Proximity Caves | Accompanied by 2 allies 20665 | -5/Proximity Caves | Spotted B-75 Beast 20691 | -5/Proximity Caves | Escorted by Enhanced Grunt 20716 | -5/Proximity Caves | Allies destroyed B-75 Beast 20742 | -5/Proximity Caves | Spotter reported a threat 20745 | -5/Proximity Caves | Lost 6 parts (1n2u3w) 20886 | -5/Proximity Caves | Spotter reported a threat 21237 | -5/Proximity Caves | Spotter reported a threat 21310 | -5/Proximity Caves | Learned Factory security intel 21367 | -5/Proximity Caves | Spotter reported a threat 21511 | -5/Proximity Caves | Spotter reported a threat 21628 | -5/Proximity Caves | Spotter reported a threat 21683 | -5/Proximity Caves | Spotter reported a threat 21752 | -5/Proximity Caves | Spotter reported a threat 24404 | -5/Proximity Caves | Build established: Scavenger-Mutant 24850 | -5/Proximity Caves | Discovered new exit (range 13) 24976 | -5/Proximity Caves | Lost 4 parts (1n2u1w) 26476 | -5/Proximity Caves | Entered Factory 26476 | -5/Factory | Accompanied by 2 allies 26476 | -5/Factory | Evolved 2 slots: Power x1, Utility x1 26477 | -5/Factory | Identified exit to Extension 26480 | -5/Factory | Loaded intel: 4 garrison access locations 26776 | -5/Factory | Search patrols dispatched 26977 | -5/Factory | Identified exit to Upper Caves 27076 | -5/Factory | Search patrols dispatched 27107 | -5/Factory | Joined by Warlord Ghost squad 27221 | -5/Factory | System corruption reached 10% 27264 | -5/Factory | Garrison activated, responded to threat 27376 | -5/Factory | Search patrols dispatched 27451 | -5/Factory | Entered Extension 27500 | -5/Extension | Build established: Scavenger-Skirmisher 27622 | -5/Extension | Lost 6 parts (1n2u3w) 27726 | -5/Extension | Rescued a captive Derelict 27726 | -5/Extension | Rescued a captive Derelict 27777 | -5/Extension | Energy Cycler disabled 27777 | -5/Extension | Rescued a captive Derelict 27778 | -5/Extension | Rescued a captive Derelict 27779 | -5/Extension | Rescued a captive Derelict 27779 | -5/Extension | Rescued a captive Derelict 27782 | -5/Extension | Rescued a captive Derelict 27784 | -5/Extension | Rescued a captive Derelict 27789 | -5/Extension | Rescued a captive Derelict 27872 | -5/Extension | Lost 7 allies 27925 | -5/Extension | Lost 9 parts (2p4n1u2w) 28224 | -5/Extension | Incoming investigation squad redirected 28260 | -5/Extension | Spotted B-75 Beast 28308 | -5/Extension | Destroyed B-75 Beast 28327 | -5/Extension | Crushed by falling debris 28327 | -5/Extension | System corruption reached 30% 28369 | -5/Extension | Core integrity fell below 50% 28412 | -5/Extension | Lost 11 parts (1p1n6u3w) 28471 | -5/Extension | Discovered new exit (range 14) 28518 | -5/Extension | Extracted ID and sensor layout for unrecognized location from A7's data core 28791 | -5/Extension | Build established: Scavenger-Tank 28966 | -5/Extension | Discovered new exit (range 10) 28969 | -5/Extension | Discovered new exit (range 6) 29005 | -5/Extension | Entered Cetus 29036 | -5/Cetus | Spotted Cetus Guard 29036 | -5/Cetus | Spotted Cetus Guard 29041 | -5/Cetus | Spotted Cetus Guard 29041 | -5/Cetus | Spotted Cetus Guard 29054 | -5/Cetus | Destroyed Cetus Guard 29059 | -5/Cetus | Destroyed Cetus Guard 29063 | -5/Cetus | Destroyed Cetus Guard 29063 | -5/Cetus | Destroyed Cetus Guard 29244 | -5/Cetus | Discovered new exit (range 15) 29691 | -5/Cetus | Spotted Cetus Guard 29691 | -5/Cetus | Spotted Cetus Guard 29692 | -5/Cetus | Destroyed Cetus Guard 29702 | -5/Cetus | Spotted Cetus Guard 29704 | -5/Cetus | Spotted Cetus Guard 29705 | -5/Cetus | Destroyed Cetus Guard 29705 | -5/Cetus | Destroyed Cetus Guard 29713 | -5/Cetus | Destroyed Cetus Guard 29727 | -5/Cetus | Discovered new exit (range 15) 29735 | -5/Cetus | Met Revision 17 29755 | -5/Cetus | Security sweep announced 29810 | -5/Cetus | Destroyed 10 combat bots 29833 | -5/Cetus | Entered Archives 29921 | -5/Archives | Discovered new exit (range 16) 29938 | -5/Archives | Unable to access archive contents 29938 | -5/Archives | Unable to access archive contents 29956 | -5/Archives | Discovered new exit (range 16) 29973 | -5/Archives | Unable to access archive contents 30027 | -5/Archives | Discovered new exit (range 13) 30110 | -5/Archives | Entered Factory 30110 | -4/Factory | Evolved 2 slots: Propulsion x2 30224 | -4/Factory | Discovered new exit (range 9) 30510 | -4/Factory | Found Prototype Processor 30510 | -4/Factory | Identified Exp. Signal Interpreter 30638 | -4/Factory | Garrison activated, responded to threat 30681 | -4/Factory | Lost 3 parts (1n2u) 31040 | -4/Factory | Found Prototype Processor 31061 | -4/Factory | Central database locked down 31061 | -4/Factory | Identified exit to Upper Caves 31061 | -4/Factory | Identified exit to Armory 31149 | -4/Factory | YOLO Cannon suddenly exploded 31150 | -4/Factory | Core integrity fell below 50% 31180 | -4/Factory | Lost 9 parts (1p2n3u3w) 31220 | -4/Factory | Entered Upper Caves 31220 | -4/Upper Caves | Identified Exp. Terrain Scan Processor 31428 | -4/Upper Caves | Build established: Scavenger-Mutant 31469 | -4/Upper Caves | Encountered a Warlord checkpoint 31809 | -4/Upper Caves | Lost 3 parts (1p2u) 32078 | -4/Upper Caves | Build established: Hacker-Mutant 32193 | -4/Upper Caves | Attracted the attention of an 0b10 checkpoint 32243 | -4/Upper Caves | Lost 3 parts (1p1n1u) 32317 | -4/Upper Caves | Learned location of 1 exit from Proximity Caves 32474 | -4/Upper Caves | Discovered new exit (range 10) 32514 | -4/Upper Caves | Build established: Scavenger-Tank 32544 | -4/Upper Caves | Entered an active Warlord outpost 32562 | -4/Upper Caves | Learned Extension stockpile data 32562 | -4/Upper Caves | Learned Factory terminal intel 33054 | -4/Upper Caves | 99-TNT showed up to help 33056 | -4/Upper Caves | 99-TNT revealed a hidden path 33056 | -4/Upper Caves | Learned 12 Research zone layouts 33444 | -4/Upper Caves | Entered another Upper Caves area 33458 | -4/Upper Caves | Discovered new exit (range 7) 33542 | -4/Upper Caves | Attracted the attention of an 0b10 checkpoint 33636 | -4/Upper Caves | Lost 3 parts (1u2w) 33787 | -4/Upper Caves | Encountered a Warlord checkpoint 33916 | -4/Upper Caves | Build established: Derelict-Tank 33955 | -4/Upper Caves | Entered a destroyed Warlord outpost 33964 | -4/Upper Caves | Learned 12 Research zone layouts 34123 | -4/Upper Caves | Discovered new exit (range 9) 34128 | -4/Upper Caves | Learned location of 1 exit from Research 34305 | -4/Upper Caves | Entered Warlord 34809 | -4/Warlord | System corruption cleaned by Quarantine Array 35455 | -4/Warlord | Warlord's base attacked by MAIN.C 35805 | -4/Warlord | Warlord forces counterattacked 36130 | -4/Warlord | Warlord base infiltrated, sounded retreat 36139 | -4/Warlord | Met Warlord 36290 | -4/Warlord | Found Prototype Energy Cannon 36291 | -4/Warlord | Identified Vortex Driver 36300 | -4/Warlord | Found Prototype Energy Gun 36300 | -4/Warlord | Identified Vortex Rifle 36305 | -4/Warlord | Found Vortex Rifle 36316 | -4/Warlord | Found Prototype Piercing Weapon 36316 | -4/Warlord | Identified Vortex Lance 36328 | -4/Warlord | Found Prototype Launcher 36328 | -4/Warlord | Identified Vortex Catalyst Activator 36760 | -4/Warlord | Spotted Striker 36774 | -4/Warlord | Core integrity fell below 20% 36801 | -4/Warlord | Spotted B-90 Cyclops 36802 | -4/Warlord | Destroyed Striker 36823 | -4/Warlord | Destroyed by B-90 Cyclops with Nova Cannon Last Messages --------------- 36775_ Vortex Catalyst Activator destroyed. 36779_ Critical hit (Impale). 36785_ Backup Power III destroyed. 36786_ Destroyed Prototype Device. 36788_ Imp. Core Shielding destroyed. 36792_ Destroyed Impulse Thruster Array. 36801_ Vortex Rifle destroyed. 36802_ Vortex Rifle implodes. 36802_ Striker destroyed. 36802_ Switching to secondary target: B-90 Cyclops. 36805_ Dropped Encrypted Comm Array. 36805_ Dropped Armor Integrity Analyzer. 36806_ Dropped Med. Storage Unit. 36806_ Discarded Adv. System Shield. 36808_ Dropped Mak. Ablative Armor. 36811_ Dropped Quantum Rifle. 36817_ Dropped Mak. Light Armor Plating. 36821_ Deuterium Array explodes. [Achievement: 20k Club] Map ----- +----------------------------------------------------+ | | | | | | | | | | | | | | | | | | | ?????????????????????????????????????????????????? | | ?????????????????????????##??????????????????????? | | ????????????????????????# ???????????????????????? | | ??????######??????######"#???????????????????????? | | ?????## ##?????# ######??????????????????? | | ?????# #?????# # #??????????????????? | | ####### #?##???# ! ] # +??????????????????? | | + ### #### ! ] # ^#??????????????????? | | "" #### ## # ! ]?? #??????????????????? | | "" #?## " " ???? ##?????????????????? | | "" #?# ##+"; ;;;"""#"#+## ########??????????? | | #?## # !" ## % ??????????? | | "" #??# # ! ; ## #?????????? | | "" #??# + !!! ; #; #?????????? | | "" #??# # [ ]=; +?????????? | | ???## ##;;;;;;;;% #????????????? | | ###### ##;;;;;;;; @ #????????????? | | BB #????????????? | | ###### ####BB;;;#;#### ##+#????????????? | | #???#####??#" #####"########## ????????????? | | ##??########"" #????# """""""#?? #??????????? | | #??# " #????#" " "#???? #??????????? | | ##??# # ?????#" "#?????? #??????????? | | #???# # #????#" "#??????????????????? | | #???# ] # #????#" "#??????????????????? | | #???# # #????#" "#??????????????????? | | #???# ! + #????#" "#??????????????????? | | #???# && ###???##" "#??????????????????? | | #???# && #?????# "#??????????????????? | | #???# ] #?????# "#??????????????????? | | #########+####?????# "#??????????????????? | | ## #### #??????# "#??????????????????? | | #??????#####///####??????????????????? | | #??????????# #??????????????????#### | | ############ ###########????????# | | ###### ## # ^# #????????# | | ##????## ### ^ + ########## | | ####???# ## # ![ ## # | | X"#???# ### ^ # ## # | | "#???# #?# ^ ######### "# # | | X"#???# #####+#########?# ## + | +----------------------------------------------------+ Best States ------------- Heat Dissipation 105 Energy Generation 36 Energy Capacity 1050 Matter Stores 300 Matter Capacity 300 Sight Range 16 Robot Scan Range 19 Terrain Scan Range 16 Terrain Scan Density 210 Jamming Range 16 Cloak Strength 3 Power Amplification 30 Additional Mass Support 12 Armor Coverage 1200 Resistance: KI 20 Resistance: TH 15 Resistance: EM 25 Core Shielding 30 Propulsion Shielding 66 Utility Shielding 66 Weapon Shielding 33 Point Defense Rating 160 Weapon Cycling 15 Phase Shifting 5 Evasion (%) 57 Targeting Accuracy 8 Core Analysis 6 Recoil Reduction 6 Offensive Hacking 20 Defensive Hacking 24 Authchip Count 1 Item Schematics ----------------- Adv. Assault Cannon | -8/Materials | Scanalyzed Combat Drone Bay | -6/Data Miner | Free Lgt. Regenerative Plating | -6/Data Miner | Free Enh. Flexi-carbon Leg | -6/Data Miner | Free Imp. Thermal Defense Suite | -6/Data Miner | Free Plasma Sword | -6/Data Miner | Free Imp. Antigrav System | -6/Data Miner | Free Adv. Reaction Control System | -6/Data Miner | Free Micro-nuke Launcher | -6/Data Miner | Free Robot Schematics ------------------ G-50 Soldier | -6/Data Miner | Free R-10 Processor | -6/Data Miner | Free B-48 Gladiator | -6/Data Miner | Free Fabricated ------------ Nothing Repaired ---------- Nothing Alien Tech Used ----------------- None Achievements -------------- 20k Club Left-hand Path Revising The Future Challenges ------------ None Game ------ Seed TitaniumShieldRedistributor Manual? 0 Play Time 03:28:07 Cumulative 77.8 hours Start 2025.07.30 @ 10:46:17 End 2025.07.30 @ 14:57:11 Sessions 1 Manual Loads 0 Difficulty Rogue Special Mode None Game No. 156 Rogue 156 Adventurer 0 Explorer 0 Win Type - Total 1 Types 1/0/0/0/0/0/0/0/0/0 Lore% 56 Gallery% 53 Achievement% 40 Wizard Run 0 Options --------- Layout 1 ASCII 0 Keyboard 0 Movement Mouse Keybinds 0 Fullscreen 1 Font 24/Smallcaps Map View 50x40 Zoom Use 0% Tactical HUD 1 Map Filters NONE Filters NONE Steam 1 RUN: 081c1902-b41e-41bf-8182-60e089232352